 Dungeon Crawl Stone Soup version 0.31-a0-214-gb37851dbb3 (webtiles) character file.

Game seed: 9111291290444112517

4647 qw the Cleaver (level 10, -8/64 HPs)
             Began as a Gargoyle Fighter on July 1, 2023.
             Was a Follower of Okawaru.
             Killed by divine providence
             ... invoked by an orc priest
              (13 damage)
             ... on level 9 of the Dungeon.
             The game lasted 00:04:30 (8702 turns).

qw the Cleaver (Gargoyle Fighter)                   Turns: 8702, Time: 00:04:31

Health: -8/64      AC: 24    Str: 24    XL:     10   Next: 43%
Magic:  8/10       EV:  8    Int:  9    God:    Okawaru [*.....]
Gold:   535        SH:  6    Dex:  9    Spells: 9/9 levels left

rFire   + . .        Y - +1 war axe
rCold   + . .        c - +0 buckler
rNeg    + . .        g - +2 plate armour
rPois   inf          (no helmet)
rElec   +            (no cloak)
rCorr   .            (no gloves)
SInv    .            (no boots)
Will    .....        (no amulet) Stlth
                     f - ring of protection from fire
HPRegen 0.30/turn    q - ring of protection from cold
MPRegen 0.12/turn

%: no passive effects
@: heroic
A: sickness immunity, AC +7, negative energy resistance 1, electricity
resistance, torment resistance 1, petrification resistance
a: Renounce Religion, Heroism


You were on level 9 of the Dungeon.
You worshipped Okawaru.
Okawaru was aware of your devotion.
You visited 2 branches of the dungeon, and saw 10 of its levels.
You also visited: Sewer and Ossuary.

You collected 535 gold pieces.


Innate Abilities, Weirdness & Mutations

You are immune to sickness and miasma.
Your stone body is resilient. (AC +7)
You are immune to poison.
You resist negative energy. (rN+)
You are resistant to electric shocks. (rElec)
You are resistant to unholy torment.
You are immune to petrification.


   Skills:
 - Level 8.0(13.0) Fighting
 + Level 10.7(15.7) Axes
 - Level 2.0(7.0) Throwing
 - Level 6.0(11.0) Armour
 - Level 1.2(6.2) Dodging
 - Level 5.3(10.3) Shields
 + Level 1.1 Invocations


You had 9 spell levels left.
You didn't know any spells.
Your spell library was empty.

Inventory:

Hand Weapons
 e - a +0 flail
 Y - a +1 war axe (weapon)
Armour
 c - a +0 buckler (worn)
 g - a +2 plate armour (worn)
Jewellery
 f - a ring of protection from fire (left hand)
 l - a ring of positive energy
 q - a ring of protection from cold (right hand)
 r - a ring of resist corrosion
Scrolls
 a - 6 scrolls of identify
Potions
 b - 3 potions of enlightenment
 d - 4 potions of might
 h - 5 potions of curing
 i - 4 potions of mutation
 j - 5 potions of lignification

Dungeon Overview and Level Annotations

Branches:
Dungeon (9/15)             Temple (1/1) D:4           Sewer (visited)
Ossuary (visited)
   Lair: D:8-11         Orc: D:9-12

Altars:
Ashenzari
Cheibriados
Dithmenos
Elyvilon
Fedhas
Gozag
Hepliaklqana
Kikubaaqudgha
Makhleb
Nemelex Xobeh
Okawaru
Qazlal
Ru
Sif Muna
Trog
Uskayaw
Vehumet
Wu Jian
Xom
Yredelemnul
Zin
The Shining One

Shops:
D:6 :

Annotations:
D:9 exclusions: oklob sapling and 2 orc priests


Message History

You slash the orc!
You kill the orc!
Okawaru accepts your kill.
You hit something. Something hits you.
The orc warrior hits you but does no damage.
You hit the orc warrior.
The orc warrior is heavily wounded.
You closely miss something. You hit the orc. You slash the orc warrior!
You kill the orc warrior!
Okawaru accepts your kill.
You can now gain great but temporary skills.
You barely miss something. You closely miss the orc.
Something completely misses you.
The orc priest calls down the wrath of Beogh upon you.
Pain shoots through your body! The orc hits you but does no damage.
You closely miss the orc.
The orc is lightly wounded.
You slash something!
You hear some strange, mumbled words.
A puff of flame appears from out of thin air!
The puff of flame hits you but does no damage.
You resist.
The orc priest mumbles some strange prayers to Beogh against you.
Beogh smites you! The orc hits you but does no damage.
You closely miss the orc.
The orc is lightly wounded.
You barely miss something. Something hits you but does no damage.
You block the orc's attack.
You barely miss the orc.
The orc is lightly wounded.
You barely miss something. You closely miss the orc.
The orc is lightly wounded.
You miss something. You block something's attack.
The orc priest mumbles some strange prayers to Beogh against you.
Beogh smites you!
You die...

.............#...
..##.........#....#..#...7.
......................#......
~~~~~~~~~~~~~ ~~~~~~8.#..7... ~~
~~~~~~~~~ ~~~~8~........
########'.~~........
........#.~~........
......o{##~~........
......)@))).........
.......)##~~..#.....
.......o#.~~....# .
#################'.~~..###
~~~~~~~~~~~~~~~~~~~8~...#
~~~~~~~~~~~~~~~~~~~~8..)#########
.......................#..¤¤.....
..##...........#..###..#.~¤~~~~~.
#...##........##...#...#¤¤¤~~~..~


You could see an orc priest and an orc.

Vanquished Creatures
  A two-headed ogre (D:7)
  3 yaks (D:9)
  A steam dragon (D:9)
  2 water moccasins (D:7)
  4 orc warriors
  2 ice beasts
  2 ogres
  2 centaurs
  A kobold brigand (D:9)
  11 scorpions
  4 wights (D:7)
  3 killer bees (D:9)
  An electric eel (D:9)
  A howler monkey (D:6)
  A centaur zombie (Ossuary)
  3 jellies
  2 hounds
  2 human zombies (Ossuary)
  6 orc priests
  A gnoll bouda (D:4)
  A sleepcap (D:4)
  3 iguanas
  6 scorpion zombies (Ossuary)
  6 orc wizards
  A hell rat (Sewer)
  3 mummies (Ossuary)
  13 adders
  7 gnolls
  4 river rats
  A shadow imp (D:8)
  2 white imps
  A worm (D:3)
  33 orcs
  5 endoplasms
  4 giant cockroaches
  7 hobgoblins
  8 jackals
  5 quokkas
  12 ball pythons
  2 bats
  4 frilled lizards (D:1)
  2 gnoll zombies (Ossuary)
  5 goblins
  2 goblin zombies (Ossuary)
  5 hobgoblin zombies (Ossuary)
  7 kobolds
  2 kobold zombies (Ossuary)
  5 orc zombies (Ossuary)
  12 rats
221 creatures vanquished.

Vanquished Creatures (others)
  A human (D:5)
1 creature vanquished.

Grand Total: 222 creatures vanquished

Notes
Turn   | Place    | Note
-------+----------+-------------------------------------------
     0 | D:1      | qw the Gargoyle Fighter began the quest for the Orb.
     0 | D:1      | Reached XP level 1. HP: 14/14 MP: 1/1
     0 | D:1      | 0 ||| qw: Version: 0.3-a-32-g5962c71
     0 | D:1      | 0 ||| qw: Game counter: 7627
     0 | D:1      | 0 ||| qw: Melee chars always use a shield: true
     0 | D:1      | 0 ||| qw: God list: Okawaru
     0 | D:1      | 0 ||| qw: Allow faded altars: false
     0 | D:1      | 0 ||| qw: Do Orc after clearing Dungeon:15 true
     0 | D:1      | 0 ||| qw: Do second Lair branch before Depths: true
     0 | D:1      | 0 ||| qw: Lair rune preference: random
     0 | D:1      | 0 ||| qw: Goals: Normal, Zot:1-4, Slime:5, God:TSO, Crypt,
                  | Tomb, Abyss, Pan, Hells, Win
     0 | D:1      | 0 ||| PLANNING D:1-11
    89 | D:1      | 89 ||| Stepping ~*~*~tactically~*~*~ (stealth).
   108 | D:1      | Reached skill level 2 in Axes
   142 | D:1      | Reached XP level 2. HP: 19/19 MP: 2/2
   435 | D:1      | 435 ||| Stepping ~*~*~tactically~*~*~ (stealth).
   443 | D:1      | Reached skill level 3 in Axes
   717 | D:1      | Reached XP level 3. HP: 21/23 MP: 3/3
   853 | D:1      | 853 ||| READING 2 scrolls labelled MIULUBUIJIV.
   854 | D:1      | 854 ||| READING scroll labelled UCOOZI INGOI.
   855 | D:1      | 855 ||| READING 3 scrolls labelled PUINEA CYTOVIA.
   856 | D:1      | 856 ||| READING scroll labelled QYRGHA MUJO.
   857 | D:1      | 857 ||| DROPPING scroll of blinking.
   858 | D:1      | 858 ||| DROPPING 2 scrolls of amnesia.
  1735 | D:2      | 1735 ||| UPGRADING to +0 plate armour.
  1745 | D:2      | 1745 ||| DROPPING +0 scale mail.
  1746 | D:2      | 1746 ||| READING 2 scrolls labelled PAHEEM LAXU.
  1747 | D:2      | 1747 ||| DRINKING 2 golden potions.
  1778 | D:3      | 1778 ||| STAIRDANCE
  1781 | D:2      | Reached XP level 4. HP: 25/28 MP: 4/4
  1864 | D:3      | Identified the +1 mace of Twilight {drain, +Blink rElec}
  1901 | D:3      | Reached skill level 4 in Axes
  2215 | D:3      | 2215 ||| Stepping ~*~*~tactically~*~*~ (stealth).
  2218 | D:3      | 2218 ||| Stepping ~*~*~tactically~*~*~ (stealth).
  2532 | D:3      | 2532 ||| READING 3 scrolls of identify.
  2532 | D:3      | 2532 ||| IDENTIFYING lumpy black potion
  2533 | D:3      | 2533 ||| DROPPING potion of brilliance.
  2556 | D:4      | 2556 ||| STAIRDANCE
  2585 | D:4      | Reached XP level 5. HP: 32/32 MP: 5/5
  2588 | D:4      | 2588 ||| DROPPING +0 club.
  2777 | D:4      | Reached skill level 5 in Axes
  2780 | D:4      | 2780 ||| Stepping ~*~*~tactically~*~*~ (stealth).
  2781 | D:4      | 2781 ||| Stepping ~*~*~tactically~*~*~ (stealth).
  2806 | D:4      | Reached XP level 6. HP: 21/38 MP: 6/6
  2932 | D:4      | Found a staircase to the Ecumenical Temple.
  2933 | D:4      | 2933 ||| PLANNING TEMPLE
  2933 | D:4      | 2933 ||| READING 2 scrolls labelled QUATWE DACHY.
  2934 | D:4      | 2934 ||| READING scroll labelled HIFALE IJANTE.
  2935 | D:4      | 2935 ||| READING scroll labelled BOWKABBIJIE.
  2965 | D:4      | 2965 ||| DROPPING scroll of vulnerability.
  2972 | Temple   | Entered the Ecumenical Temple
  3121 | Temple   | 3121 ||| PLANNING D:1-11
  3152 | D:4      | Reached skill level 1 in Throwing
  3271 | D:4      | Found a burning altar of Makhleb.
  3315 | D:4      | 3315 ||| UPGRADING to ring of protection from fire.
  3334 | D:5      | Entered Level 5 of the Dungeon
  3335 | D:5      | 3335 ||| PLANNING OSSUARY
  3336 | D:5      | Noticed an ice beast
  3340 | D:5      | Killed an ice beast
  3347 | D:5      | Reached XP level 7. HP: 43/43 MP: 7/7
  3397 | D:5      | 3397 ||| DROPPING +4 whip.
  3405 | D:5      | Found an ancient bone altar of Kikubaaqudgha.
  3409 | D:5      | Noticed a human
  3410 | D:5      | 3410 ||| Stepping ~*~*~tactically~*~*~ (hiding).
  3412 | D:5      | Killed a human
  3418 | D:5      | Reached skill level 6 in Axes
  3433 | D:5      | HP: 8/43 [orc priest/divine providence (12)]
  3434 | D:5      | 3434 ||| DRINKING potion of heal wounds.
  3439 | D:5      | HP: 7/43 [something (1)]
  3576 | D:5      | 3576 ||| DROPPING +1 mace of Twilight {drain, +Blink
                  | rElec}.
  3577 | D:5      | 3577 ||| DROPPING +0 mace.
  3627 | D:5      | Found a sand-covered staircase.
  3628 | D:5      | 3628 ||| READING scroll labelled DUMEK WIBIHOAH.
  3629 | D:5      | 3629 ||| DRINKING 2 bubbling sapphire potions.
  3630 | D:5      | 3630 ||| READING 2 scrolls of identify.
  3630 | D:5      | 3630 ||| IDENTIFYING murky grey potion
  3636 | Ossuary  | Entered an ossuary
  3759 | Ossuary  | Reached skill level 7 in Axes
  3837 | Ossuary  | 3837 ||| DRINKING 2 ruby potions.
  3838 | Ossuary  | 3838 ||| READING 3 scrolls of identify.
  3838 | Ossuary  | 3838 ||| IDENTIFYING glowing green potion
  3912 | Ossuary  | Reached XP level 8. HP: 48/49 MP: 8/8
  3938 | Ossuary  | Reached skill level 1 in Dodging
  3965 | Ossuary  | 3965 ||| FLEEEEING.
  3967 | Ossuary  | 3967 ||| FLEEEEING.
  3968 | Ossuary  | 3968 ||| FLEEEEING.
  3969 | Ossuary  | 3969 ||| FLEEEEING.
  3970 | Ossuary  | 3970 ||| FLEEEEING.
  4107 | Ossuary  | 4107 ||| READING scroll labelled SUNUCOE OSONGO.
  4110 | Ossuary  | 4110 ||| READING 2 scrolls of identify.
  4110 | Ossuary  | 4110 ||| IDENTIFYING yellow potion
  4111 | Ossuary  | 4111 ||| DROPPING potion of degeneration.
  4152 | D:5      | 4152 ||| PLANNING D:1-11
  4177 | D:5      | Found a radiant altar of Vehumet.
  4278 | D:5      | Found a shimmering blue altar of Sif Muna.
  4287 | D:5      | 4287 ||| READING scroll of enchant armour.
  4287 | D:5      | 4287 ||| ENCHANTING +0 plate armour.
  4297 | D:5      | Reached skill level 8 in Axes
  4485 | D:5      | 4485 ||| Stepping ~*~*~tactically~*~*~ (stealth).
  4624 | D:5      | Reached skill level 6 in Fighting
  4716 | D:5      | 4716 ||| Stepping ~*~*~tactically~*~*~ (hiding).
  4814 | D:5      | 4814 ||| STAIRDANCE
  4817 | D:4      | Reached XP level 9. HP: 40/55 MP: 9/9
  4866 | D:4      | 4866 ||| DROPPING ring of wizardry.
  4948 | D:5      | Found an opulent altar of Gozag.
  5021 | D:5      | 5021 ||| Stepping ~*~*~tactically~*~*~ (stealth).
  5056 | D:5      | Found a hazy altar of Hepliaklqana.
  5057 | D:5      | Found a shadowy altar of Dithmenos.
  5096 | D:6      | 5096 ||| PLANNING SEWER
  5114 | D:6      | 5114 ||| Stepping ~*~*~tactically~*~*~ (hiding).
  5115 | D:6      | 5115 ||| Stepping ~*~*~tactically~*~*~ (hiding).
  5141 | D:6      | Found Ocsoruih's Book Emporium.
  5269 | D:6      | 5269 ||| Stepping ~*~*~tactically~*~*~ (stealth).
  5284 | D:6      | Reached skill level 9 in Axes
  5424 | D:6      | 5424 ||| Stepping ~*~*~tactically~*~*~ (hiding).
  5427 | D:6      | 5427 ||| Stepping ~*~*~tactically~*~*~ (hiding).
  5428 | D:6      | 5428 ||| Stepping ~*~*~tactically~*~*~ (hiding).
  5600 | D:6      | 5600 ||| Stepping ~*~*~tactically~*~*~ (stealth).
  5648 | D:6      | Found a glowing drain.
  5649 | D:6      | 5649 ||| READING scroll labelled UNOZOEKIQO.
  5659 | Sewer    | Entered a sewer
  5690 | Sewer    | 5690 ||| Stepping ~*~*~tactically~*~*~ (water).
  5707 | Sewer    | 5707 ||| Stepping ~*~*~tactically~*~*~ (stealth).
  5708 | Sewer    | 5708 ||| Stepping ~*~*~tactically~*~*~ (stealth).
  5729 | Sewer    | 5729 ||| READING scroll of enchant armour.
  5729 | Sewer    | 5729 ||| ENCHANTING +1 plate armour.
  5750 | Sewer    | 5750 ||| READING scroll labelled FEYL FUIMOGEO.
  5751 | Sewer    | 5751 ||| READING 6 scrolls of identify.
  5751 | Sewer    | 5751 ||| IDENTIFYING amethyst potion
  5752 | Sewer    | 5752 ||| DROPPING potion of invisibility.
  5764 | D:6      | 5764 ||| PLANNING D:1-11
  6003 | D:6      | 6003 ||| Stepping ~*~*~tactically~*~*~ (hiding).
  6012 | D:6      | 6012 ||| Stepping ~*~*~tactically~*~*~ (stealth).
  6114 | D:6      | 6114 ||| UPGRADING to ring of resist corrosion.
  6250 | D:7      | Found a sacrificial altar of Ru.
  6288 | D:7      | 6288 ||| Stepping ~*~*~tactically~*~*~ (hiding).
  6665 | D:7      | Found a bloodstained altar of Trog.
  6673 | D:7      | 6673 ||| DROPPING +2 antimagic mace.
  6846 | D:7      | 6846 ||| READING scroll labelled HAUCUW KEPT.
  6847 | D:7      | 6847 ||| READING 6 scrolls of identify.
  6847 | D:7      | 6847 ||| IDENTIFYING fizzy white potion
  6848 | D:7      | 6848 ||| DROPPING potion of berserk rage.
  6860 | D:8      | Noticed a two-headed ogre
  6865 | D:8      | 6865 ||| STAIRDANCE
  6869 | D:7      | HP: 14/57 [two-headed ogre/+0 giant spiked club (13)]
  6870 | D:7      | 6870 ||| DRINKING 5 potions of heal wounds.
  6871 | D:7      | 6871 ||| DRINKING 4 potions of heal wounds.
  6876 | D:7      | HP: 11/57 [two-headed ogre/+0 giant spiked club (5)]
  6877 | D:7      | 6877 ||| DRINKING 3 potions of heal wounds.
  6882 | D:7      | Killed a two-headed ogre
  6883 | D:7      | Reached skill level 10 in Axes
  7027 | D:8      | 7027 ||| STAIRDANCE
  7034 | D:7      | Reached XP level 10. HP: 51/63 MP: 10/10
  7240 | D:8      | Reached skill level 6 in Armour
  7343 | D:8      | 7343 ||| Stepping ~*~*~tactically~*~*~ (stealth).
  7429 | D:8      | Found a snail-covered altar of Cheibriados.
  7487 | D:8      | Found a glowing golden altar of the Shining One.
  7487 | D:8      | Found an iron altar of Okawaru.
  7488 | D:8      | 7488 ||| PLANNING OKAWARU WORSHIP
  7494 | D:8      | Became a worshipper of Warmaster Okawaru
  7495 | D:8      | 7495 ||| PLANNING D:1-11
  7809 | D:8      | Found a hide-covered altar of Uskayaw.
  8022 | D:9      | 8022 ||| Stepping ~*~*~tactically~*~*~ (stealth).
  8035 | D:9      | 8035 ||| Stepping ~*~*~tactically~*~*~ (stealth).
  8036 | D:9      | 8036 ||| Stepping ~*~*~tactically~*~*~ (stealth).
  8201 | D:9      | 8201 ||| Stepping ~*~*~tactically~*~*~ (stealth).
  8236 | D:9      | 8236 ||| UPGRADING to ring of protection from cold.
  8241 | D:9      | 8241 ||| Stepping ~*~*~tactically~*~*~ (stealth).
  8242 | D:9      | 8242 ||| Stepping ~*~*~tactically~*~*~ (stealth).
  8405 | D:9      | Noticed an oklob plant
  8420 | D:9      | HP: 7/64 [oklob plant/splash of acid (16)]
  8421 | D:9      | 8421 ||| READING scroll of teleportation.
  8422 | D:9      | 8422 ||| DRINKING 2 potions of heal wounds.
  8607 | D:9      | Reached * piety under Okawaru
  8640 | D:9      | Found a blossoming altar of Fedhas.
  8650 | D:9      | 8650 ||| INVOKING Heroism.
  8651 | D:9      | 8651 ||| Stepping ~*~*~tactically~*~*~ (hiding).
  8652 | D:9      | 8652 ||| READING scroll labelled XIBOIL ALIKU.
  8673 | D:9      | Reached skill level 1 in Invocations
  8681 | D:9      | 8681 ||| INVOKING Heroism.
  8691 | D:9      | HP: 11/64 [orc warrior/+2 heavy dire flail (11)]
  8692 | D:9      | 8692 ||| DRINKING potion of heal wounds.
  8695 | D:9      | 8695 ||| INVOKING Heroism.
  8696 | D:9      | HP: 15/64 [something (3)]
  8699 | D:9      | HP: 4/64 [orc priest/divine providence (8)]
  8702 | D:9      | Killed from afar by an orc priest

Levels and vault maps discovered:
D:1:      heliophobic_arrival_glass_houses, layout_basic
D:2:      layout_basic, nicolae_concentric_dashed_squares_mild,
          minmay_door_square
D:3:      layout_basic, nrook_campfire
D:4:      layout_rooms, makhleb_blood_cavern_becter,
          minmay_temple_entry_butterflies, minmay_distorted
D:5:      layout_loops_cross, nicolae_overflow_crystal_walls,
          lemuel_doored_altar, tgw_kikubaaqudgha, lemuel_coloured_pillars_altar,
          riverfiend_overflow_shadow_ancestor, enter_ossuary_2
D:6:      layout_loops_cross, serial_shops, shop_fountains, portal_sewer_entry_b
D:7:      layout_basic, trog_three_pillars_becter, kennysheep_mini
D:8:      layout_layer_cave, lemuel_tele_altar, lemuel_round_altar,
          gammafunk_temple_overflow_pools
D:9:      layout_cave_pools, mainiacjoe_overflow_paths, erik_orc_2, serial_park,
          serial_park_tiny_2, serial_park_fountain, serial_park_square1
          [serial_park_minivault_5x5_5], serial_park_tiny_1,
          kennysheep_decorative_pillar, kennysheep_doodads,
          introduction_to_nature_1
Temple:   hellmonk_temple_forest_ring

Skill      XL: |  1  2  3  4  5  6  7  8  9 10 |
---------------+-------------------------------+-----
Axes           | 2 3 4 5 7 8 10 | 10.7
Fighting       | 4 5 6 7 8 |  8.0
Throwing       | 1 2 |  2.0
Dodging        | 1 |  1.2
Armour         | 4 5 6 |  6.0
Shields        | 4 5 |  5.3
Invocations    | 1 |  1.1

Action                     |  1- 3 |  4- 6 |  7- 9 | 10-12 || total
---------------------------+-------+-------+-------+-------++-------
  Melee: War axe           |   101 |    93 |   318 |   137 ||   649
  Throw: Javelin           |       |    16 |    54 |     4 ||    74
         Boomerang         |       |       |    33 |    12 ||    45
 Invoke: Heroism           |       |       |       |     3 ||     3
    Use: Scroll            |     5 |     4 |    12 |     2 ||    23
         Potion            |     1 |       |     6 |     2 ||     9
 Armour: Scale mail        |    48 |       |       |       ||    48
         Plate armour      |     6 |    59 |   205 |   105 ||   375
  Dodge: Dodged            |    45 |    27 |    79 |    52 ||   203
  Block: Buckler           |    15 |    16 |    61 |    42 ||   134

Table legend:
 A = Non-vault XP
 B = Vault XP
 C = Vault XP percentage of total XP
 D = Non-vault monster count
 E = Vault monster count
 F = Vault count percentage of total count
                 A         B        C        D         E       F
            +---------+---------+-------+---------+---------+-------
      Total |    4833 |    1806 |  27.2 |     143 |      78 |  35.3
            +---------+---------+-------+---------+---------+-------
        D:1 |      38 |       0 |   0.0 |      27 |       0 |   0.0
        D:2 |      51 |       0 |   0.0 |       8 |       0 |   0.0
        D:3 |      70 |       0 |   0.0 |      17 |       0 |   0.0
        D:4 |     347 |     125 |  26.5 |      17 |       2 |  10.5
        D:5 |     762 |       0 |   0.0 |      22 |       0 |   0.0
        D:6 |     479 |      44 |   8.4 |      18 |       7 |  28.0
        D:7 |    1748 |       0 |   0.0 |      11 |       0 |   0.0
        D:8 |     114 |       0 |   0.0 |      10 |       0 |   0.0
        D:9 |    1224 |     581 |  32.2 |      13 |      28 |  68.3
      Sewer |       0 |      50 | 100.0 |       0 |       6 | 100.0
    Ossuary |       0 |    1006 | 100.0 |       0 |      35 | 100.0
            +---------+---------+-------+---------+---------+-------
